 Dungeon Crawl Stone Soup version 0.30.0-10-gfe55d96785 (webtiles) character file.

Game seed: 5310145676523339001

1566 growler the Martial Artist (level 8, -2/60 (68) HPs)
             Began as a Merfolk Transmuter on May 13, 2023.
             Was an Initiate of Wu Jian.
             Slain by a wight
             ... wielding a +3 mace
              (5 damage)
             ... on level 7 of the Dungeon.
             The game lasted 00:15:54 (6351 turns).

growler the Martial Artist (Merfolk Transmuter)     Turns: 6351, Time: 00:15:54

HP:   -2/60 (68)    AC:  6    Str: 10    XL:     8   Next: 90%
MP:   13/13         EV: 10    Int: 15    God:    Wu Jian [......]
Gold: 350           SH:  0    Dex: 14    Spells: 4/14 levels left

rFire   x .          .
                       - Unarmed
rCold   + + +        (shield currently unavailable)
rNeg    . . .        a - melded +0 robe
rPois   +            (helmet currently unavailable)
rElec   .            F - melded scarf {rC+ rF+}
rCorr   .            H - melded +0 pair of gloves
SInv    .            G - melded +0 pair of boots
Will    .....        (no amulet)
Stlth   +            j - ring of wizardry
HPRegen 0.30/turn    (no ring)
MPRegen 0.13/turn

%: wizardry (x1)
@: ice-form (expiring), hasted, heavily drained, very quick
A: freezing attack, boosted hp, large, (nimble swimmer 2), (mertail)
a: End Transformation, Renounce Religion


You were on level 7 of the Dungeon.
You worshipped Wu Jian.
Wu Jian was noncommittal.
You were a creature of crystalline ice.
You visited 2 branches of the dungeon, and saw 8 of its levels.

You collected 350 gold pieces.

Inventory:

Missiles
 e - 13 poisoned darts
Armour
 a - a +0 robe (melded)
 F - a scarf of resistance (melded)
 G - a +0 pair of boots (melded)
 H - a +0 pair of gloves (melded)
Jewellery
 j - a ring of wizardry (left front paw)
 l - a ring of positive energy
 r - an amulet of reflection
 s - a ring of positive energy
 u - a ring of resist corrosion
 v - an amulet of faith
 C - a +4 ring of protection
 I - a ring of fire
Scrolls
 c - a scroll of torment {unknown}
 f - 2 scrolls of fear {unknown}
 g - a scroll of brand weapon {unknown}
 h - 2 scrolls of poison
 i - 2 scrolls of teleportation
 k - 2 scrolls of noise
 m - a scroll of enchant armour {unknown}
 n - 2 scrolls of vulnerability {unknown}
 p - 3 scrolls of amnesia
 q - 2 scrolls of blinking {unknown}
 w - a scroll of fog {unknown}
 x - a scroll of magic mapping
 y - 5 scrolls of identify
Potions
 b - 3 potions of lignification
 d - 2 potions of mutation
 o - a potion of haste
 t - a potion of heal wounds
 z - a potion of curing
 A - a potion of flight {unknown}
 B - 2 potions of degeneration {unknown}
 D - a potion of brilliance {unknown}
 E - a potion of cancellation {unknown}


   Skills:
 + Level 2.8 Fighting
 - Level 2.6 Dodging
 + Level 10.3 Unarmed Combat
 + Level 3.7 Spellcasting
 + Level 5.1 Transmutations
 + Level 2.4 Ice Magic


You had 4 spell levels left.
You knew the following spells:

 Your Spells              Type           Power      Damage    Failure   Level
a - Beastly Appendage     Tmut           36%        N/A       1%          1
b - Wereblood             Tmut           18%        N/A       1%          2
c - Spider Form           Tmut/Pois      10%        N/A       8%          3
d - Ice Form              Ice/Tmut       14%        N/A       16%         4

Your spell library contained the following spells:

 Spells                   Type           Power      Damage    Failure   Level
 Necrotise                Necr           8%         1d4       8%          1
 Dazzling Flash           Conj/Hex       4%         N/A       22%         3
 Vampiric Draining        Necr           2%         2d6       22%         3
 Volatile Blastmotes      Fire/Tloc      4%         2d10      22%         3
 Iskenderun's Mystic Bla  Conj/Tloc      2%         2d3       56%         4
 Agony                    Necr           2%         N/A       87%         5
 Starburst                Conj/Fire      1%         6d3       100%        6


Dungeon Overview and Level Annotations

Branches:
Dungeon (7/15)             Temple (1/1) D:5

Altars:
Fedhas
Makhleb
Nemelex Xobeh
Uskayaw
Wu Jian
Yredelemnul
Zin
The Shining One

Annotations:
D:6 1 runed translucent door, Nidhogg036's ghost, novice MiMo


Innate Abilities, Weirdness & Mutations

You are a creature of crystalline ice.
You have a powerful freezing melee attack.
Your maximum health is increased.
Your armour is entirely melded.
You are incapable of wielding weapons or throwing items.
((You are very nimble when in or above water. (Stealth+, EV+, Speed+++)))
((Your lower body shifts to a powerful aquatic tail in water.))


Message History

The wight hits you with a +3 mace.
You feel drained.
You lunge at the wight.
You hit the wight but do no damage. The wight hits you with a +0 spear.
You feel drained. The wight hits you with a +0 spear.
You hit the wight.
The wight is lightly damaged.
The wight closely misses you. The wight barely misses you.
The wight hits you with a +3 mace!
You hit the wight but do no damage.
The wight is lightly damaged.
The wight hits you with a +0 spear. The wight barely misses you.
The wight hits you with a +3 mace! The wight attacks as you move away!
The wight hits you with a +0 spear!
You feel drained.
* * * LOW HITPOINT WARNING * * *
The wight hits you from afar with a +0 spear.
* * * LOW HITPOINT WARNING * * *
You feel drained.
* * * LOW HITPOINT WARNING * * *
The wight hits you from afar with a +0 spear.
* * * LOW HITPOINT WARNING * * *
You feel drained.
* * * LOW HITPOINT WARNING * * *
The wight barely misses you. The wight hits you with a +3 mace.
* * * LOW HITPOINT WARNING * * *
Found a chain mail.
You feel much better.
The wight hits you from afar with a +0 spear.
The wight barely misses you. The wight hits you with a +3 mace!
* * * LOW HITPOINT WARNING * * *
The wight attacks as you move away! The wight barely misses you.
Your transformation is almost over.
The wight attacks as you move away! The wight hits you with a +3 mace!
* * * LOW HITPOINT WARNING * * *
There is an open door here.
The wight attacks as you move away! The wight hits you with a +3 mace.
* * * LOW HITPOINT WARNING * * *
You feel yourself speed up. The wight hits you with a +3 mace.
You die...

#..............#
#..............#...#
##+#####.......#...##
#.....##.......+....
#.....'.......##...#
#.....#.......##...#
#.)...##.......#...##+####
#.....##..##..##..........
#.....#..Y##'###..........
#.....#..z#...............
#.....#...z.zz............
#...#....#########.##.##..
########## ##.##.####
#....z.... +.†.......
##....##.. #....# ##


You could see 2 wights.

Vanquished Creatures
  Maggie (D:7)
  A shadow (D:6)
  A wyvern (D:7)
  An ice beast (D:6)
  A black bear (D:7)
  An ogre (D:6)
  2 scorpions
  3 hounds
  An orc priest (D:5)
  2 jellies (D:6)
  5 iguanas
  An orc wizard (D:5)
  4 gnolls (D:4)
  13 adders
  7 worms
  3 dart slugs
  7 orcs
  7 bats
  7 endoplasms
  5 giant cockroaches
  10 goblins
  5 hobgoblins
  3 jackals (D:3)
  7 quokkas
  9 ball pythons
  2 frilled lizards
  7 kobolds
  5 rats
121 creatures vanquished.

Notes
Turn   | Place    | Note
-------+----------+-------------------------------------------
     0 | D:1      | growler the Merfolk Transmuter began the quest for the Orb.
     0 | D:1      | Reached XP level 1. HP: 15/15 MP: 3/3
   239 | D:1      | Reached XP level 2. HP: 21/21 MP: 3/5
   260 | D:1      | Learned a level 2 spell: Wereblood
   855 | D:1      | Reached XP level 3. HP: 22/26 MP: 4/6
   859 | D:1      | Learned a level 3 spell: Spider Form
  1464 | D:2      | Reached skill level 4 in Unarmed Combat
  1733 | D:2      | Reached XP level 4. HP: 11/32 MP: 5/8
  2879 | D:3      | Reached XP level 5. HP: 31/37 MP: 7/9
  2884 | D:3      | Learned a level 4 spell: Ice Form
  2922 | D:3      | Reached skill level 5 in Unarmed Combat
  3376 | D:4      | Reached skill level 6 in Unarmed Combat
  3393 | D:4      | Reached XP level 6. HP: 19/43 MP: 5/10
  4047 | D:5      | Entered Level 5 of the Dungeon
  4145 | D:5      | Reached skill level 7 in Unarmed Combat
  4184 | D:5      | Found a staircase to the Ecumenical Temple.
  4214 | Temple   | Entered the Ecumenical Temple
  4219 | Temple   | Became a worshipper of the Wu Jian Council
  4282 | D:5      | Reached XP level 7. HP: 35/48 MP: 6/11
  4716 | D:6      | Noticed Nidhogg036's ghost (novice MiMo)
  4765 | D:6      | Noticed a shadow
  4771 | D:6      | Killed a shadow
  4772 | D:6      | Reached skill level 8 in Unarmed Combat
  5011 | D:6      | Reached skill level 9 in Unarmed Combat
  5065 | D:6      | Found a runed translucent door.
  5144 | D:6      | Reached XP level 8. HP: 51/54 MP: 10/12
  5419 | D:6      | Reached skill level 10 in Unarmed Combat
  5483 | D:6      | Found a burning altar of Makhleb.
  5483 | D:6      | Found a glowing silver altar of Zin.
  5484 | D:6      | Noticed an angel
  5484 | D:6      | Noticed a balrug
  5862 | D:7      | Noticed a wyvern
  5867 | D:7      | Killed a wyvern
  5868 | D:7      | Reached skill level 1 in Ice Magic
  6150 | D:7      | Noticed Maggie
  6161 | D:7      | Killed Maggie
  6162 | D:7      | Reached skill level 5 in Transmutations
  6349 | D:7      | HP: 2/60 [wight/+3 mace (5)]
  6351 | D:7      | Slain by a wight

Illustrated notes

Levels and vault maps discovered:
D:1:      wander_arrival_chamber, layout_loops_corners,
          dreamdust_mushroom_princess
D:2:      layout_basic, st_stairs_7, minmay_octomino_e4
D:3:      layout_loops_ring, minmay_ruptured
D:4:      layout_rooms, roderic_lattice_a
D:5:      layout_cave_pools, minmay_temple_entry_gardened_gates
D:6:      layout_basic, grunt_temple_overflow_order_and_chaos_2,
          hellmonk_ghost_happy_afterlife, nicolae_half_adder
D:7:      layout_gridville, nicolae_underground_beach, uniq_maggie, uniq_joseph,
          uniq_duvessa
Temple:   compressed_dpeg_triangle_lava_temple

Skill      XL: |  1  2  3  4  5  6  7  8 |
---------------+-------------------------+-----
Transmutations | 3 4 5 |  5.1
Unarmed Combat | 4 6 7 9 10 | 10.3
Spellcasting   | 3 |  3.7
Fighting       | 2 |  2.8
Ice Magic      | 2 |  2.4
Dodging        | |  2.6

Action                     |  1- 3 |  4- 6 |  7- 9 || total
---------------------------+-------+-------+-------++-------
  Melee: Unarmed           |   150 |   158 |    97 ||   405
         Headbutt          |    15 |    18 |     7 ||    40
         Punch             |     4 |     2 |     1 ||     7
   Cast: Beastly Appendage |    30 |    27 |    10 ||    67
         Spider Form       |       |     7 |     7 ||    14
         Wereblood         |       |     5 |     1 ||     6
         Ice Form          |       |       |     2 ||     2
Ability: End Transformatio |       |     1 |     1 ||     2
         Lunge             |       |     1 |    12 ||    13
    Use: Scroll            |       |     6 |     2 ||     8
         Potion            |       |     1 |     2 ||     3
   Stab: Sleeping          |     1 |     1 |     1 ||     3
 Armour: Robe              |    38 |    13 |     4 ||    55
         Skin              |       |     5 |     5 ||    10
  Dodge: Dodged            |   107 |   109 |    49 ||   265
